 Dungeon Crawl Stone Soup version 0.22.1-2-g9c5b331 (webtiles) character file.

63 whitewolfNL the Cudgeler (level 3, -4/33 HPs)
             Began as a Minotaur Berserker on Nov 27, 2018.
             Was a Believer of Trog.
             Slain by Natasha (7 damage)
             ... on level 2 of the Dungeon.
             The game lasted 00:03:11 (870 turns).

whitewolfNL the Cudgeler (Minotaur Berserker)        Turns: 870, Time: 00:03:12

Health: -4/33      AC:  2    Str: 21    XL:     3   Next: 87%
Magic:  2/2        EV: 12    Int:  5    God:    Trog [**....]
Gold:   52         SH:  0    Dex:  9    Spells: 2/2 levels left

rFire    . . .     SeeInvis .   a - +0 mace
rCold    . . .     Gourm    .   (no shield)
rNeg     . . .     Faith    .   b - +0 animal skin
rPois    .         Spirit   .   (helmet restricted)
rElec    .         Reflect  .   (no cloak)
rCorr    .         Harm     .   (no gloves)
MR       .....                  (no boots)
Stlth    +.........             (no amulet)
HPRegen  0.11/turn              (no ring)
MPRegen  0.08/turn              (no ring)

@: confused, berserk cooldown, slowed, very slow
A: retaliatory headbutt, horns 2
a: Berserk, Trog's Hand, Renounce Religion


You were on level 2 of the Dungeon.
You worshipped Trog.
Trog was pleased with you.
You were hungry.

You visited 1 branch of the dungeon, and saw 2 of its levels.

You collected 52 gold pieces.

Inventory:

Hand Weapons
 a - a +0 mace (weapon)
Missiles
 j - 12 arrows
 l - 18 bolts
Armour
 b - a +0 animal skin (worn)
Scrolls
 e - a scroll of blinking {unknown}
 f - a scroll of magic mapping {unknown}
 i - a scroll of noise {unknown}
 k - a scroll of teleportation {unknown}
 m - a scroll of enchant weapon {unknown}
Potions
 g - 3 potions of invisibility {unknown}
 h - 2 potions of curing {unknown}
Comestibles
 c - a ration
 d - 3 chunks of flesh


   Skills:
 + Level 4.1 Fighting
 * Level 4.8 Maces & Flails
 * Level 2.9 Armour
 * Level 2.6 Dodging
 * Level 0.7 Stealth


You had 2 spell levels left.
You didn't know any spells.
Your spell library was empty.

Dungeon Overview and Level Annotations

Branches:
Dungeon (2/15)

Altars:

Annotations:
D:2 Natasha, Sigmund


Innate Abilities, Weirdness & Mutations

You reflexively headbutt those who attack you in melee.
You have a pair of horns on your head.


Message History

You feel your anger nearly subside. Something hits you! Natasha claws you.
You hit Natasha.
Natasha is moderately wounded.
A quokka comes into view.
Natasha closely misses you. Something hits you.
You're too confused to move!
You closely miss Natasha. Your headbutt misses Natasha.
Natasha is moderately wounded.
The crimson imp barely misses you. Natasha misses you.
You barely miss Natasha. Your headbutt misses Natasha.
Natasha is moderately wounded.
You are no longer berserk.
You are exhausted.
You feel yourself slow down. Something hits you! The crimson imp hits you.
Natasha closely misses you.
You bump into the rock wall.
Something hits you!
* * * LOW HITPOINT WARNING * * *
The crimson imp closely misses you. Natasha claws you!
You die...

#.# ..##.# ...$##.#
#..#.##.# ## #.##.##.######
#. #.##r##....... #.
#.##.{....#
##.##.##5h....####
##...#.##@..........
##......###.....####.
#...............# ######
##............######.#.....
##...#######........#.####
##.# #รท.....###.# ##
#.####.###.####
#.##..[........
#.##.#.###.####


You could see Natasha, a crimson imp and a quokka.

Vanquished Creatures
  An adder (D:2)
  An ooze (D:1)
  A worm (D:2)
  2 dart slugs (D:1)
  3 leopard geckos
  An orc (D:2)
  3 giant cockroaches
  4 goblins
  2 hobgoblins (D:1)
  6 jackals (D:1)
  3 bats (D:1)
  A frilled lizard (D:1)
  5 kobolds (D:1)
  3 rats (D:1)
36 creatures vanquished.

Notes
Turn   | Place    | Note
-------+----------+-------------------------------------------
     0 | D:1      | whitewolfNL the Minotaur Berserker began the quest for the
                  | Orb.
     0 | D:1      | Reached XP level 1. HP: 19/19 MP: 0/0
    58 | D:1      | Reached XP level 2. HP: 27/27 MP: 1/1
   181 | D:1      | Reached XP level 3. HP: 30/33 MP: 2/2
   379 | D:1      | Reached ** piety under Trog
   856 | D:2      | Noticed Sigmund
   857 | D:2      | Noticed Natasha
   870 | D:2      | Slain by Natasha

Skill      XL: |  1  2  3 |
---------------+----------+-----
Maces & Flails | 4 |  4.8
Fighting       | 4 |  4.1
Armour         | |  2.9
Dodging        | |  2.6
Stealth        | |  0.7

Action                   || total
-------------------------++-------
Melee: Mace              ||    64
       Headbutt          ||     8
Invok: Berserk           ||     3
 Stab: Sleeping          ||     1
  Eat: Chunk             ||     2
Armor: Animal skin       ||    10
Dodge: Dodged            ||    57
